 Dungeon Crawl Stone Soup version 0.30-a0-459-g9104f0fc43 (webtiles) character file.

Game seed: 2738571864590319653

130411 cforsyth the Brawler (level 16, -13/167 HPs)
             Began as a Troll Fighter on Dec 15, 2022.
             Was the Champion of Wu Jian.
             Mangled by a dire elephant (22 damage)
             ... on level 1 of the Spider Nest.
             The game lasted 01:16:17 (28647 turns).

cforsyth the Brawler (Troll Fighter)               Turns: 28647, Time: 01:16:17

Health: -13/167    AC: 12    Str: 32    XL:     16   Next: 52%
Magic:  15/15      EV: 11    Int: 12    God:    Wu Jian [******]
Gold:   2228       SH: 13    Dex:  9    Spells: 15/15 levels left

rFire   + . .      SeeInvis .      - Unarmed
rCold   + . .      Faith    .    L - +2 kite shield "Kejuw" {Will+ Int+2}
rNeg    + . .      Spirit   .    V - +2 robe {Will+}
rPois   .          Reflect  .    F - +2 hat
rElec   .          Harm     .    K - scarf {rC+ rF+}
rCorr   .          Rampage  .    (gloves unavailable)
Will    +++..                    (boots unavailable)
Stlth   +.........               W - amulet of the acrobat
HPRegen 1.27/turn                m - +4 ring of protection
MPRegen 0.14/turn                T - ring of Herches {rN+ Str+4}

@: exhausted
A: large, unfitting armour, claws 3, regeneration 1, shaggy fur 1, tough skin 1
a: Renounce Religion, Wall Jump, Serpent's Lash, Heavenly Storm


You were on level 1 of the Spider Nest.
You worshipped Wu Jian.
Wu Jian was exalted by your worship.
You visited 5 branches of the dungeon, and saw 24 of its levels.
You also visited: Ossuary, Bailey, Gauntlet and Ice Cave.

You collected 2228 gold pieces.

Inventory:

Armour
 F - a +2 hat (worn)
 J - a +2 robe of fire resistance
 K - a scarf of resistance (worn)
 L - the +2 kite shield "Kejuw" (worn) {Will+ Int+2}
   (You found it on level 9 of the Dungeon)

   Int:       It affects your intelligence (+2).
   Will:      It increases your willpower.
 V - a +2 robe of willpower (worn)
Jewellery
 m - a +4 ring of protection (left claw)
 A - a ring of protection from fire
 G - a ring of see invisible
 H - an amulet of guardian spirit
 I - a ring of flight
 R - the ring of Jilatwua {+Blink rF+ Will- Str+8}
   (You found it in a Gauntlet)

   [ring of protection from fire]

   Str:       It affects your strength (+8).
   rF:        It protects you from fire.
   +Blink:    It lets you blink.
   Will:      It decreases your willpower.
 T - the ring of Herches (right claw) {rN+ Str+4}
   (You found it in a Gauntlet)

   [ring of positive energy]

   Str:       It affects your strength (+4).
   rN:        It protects you from negative energy.
 W - an amulet of the acrobat (around neck)
 X - a ring of willpower
 Y - a ring of wizardry
Wands
 C - a wand of digging (1)
 D - a wand of iceblast (10)
 E - a wand of charming (7)
 O - a wand of flame (46)
 P - a wand of mindburst (10)
 Q - a wand of polymorph (7)
Scrolls
 a - 2 scrolls of blinking
 b - a scroll of summoning
 f - 9 scrolls of teleportation
 g - 2 scrolls of immolation
 h - 6 scrolls of enchant armour
 j - 7 scrolls of vulnerability
 l - 4 scrolls of torment
 o - 3 scrolls of poison
 v - 2 scrolls of fog
 x - 2 scrolls of noise
 y - a scroll of silence
 B - 3 scrolls of amnesia
 N - 4 scrolls of enchant weapon
 S - 3 scrolls of magic mapping
Potions
 c - 5 potions of might
 d - 5 potions of magic
 e - 8 potions of brilliance
 i - a potion of lignification
 k - 3 potions of ambrosia
 n - 7 potions of curing
 p - 5 potions of mutation
 q - 3 potions of cancellation
 r - 4 potions of heal wounds
 s - a potion of resistance
 w - 3 potions of attraction
 z - a potion of berserk rage
 M - 2 potions of haste
 U - 3 potions of flight
Miscellaneous
 t - a phantom mirror
 u - a lightning rod (4/4)


   Skills:
 + Level 12.9 Fighting
 + Level 8.7 Dodging
 - Level 13.1 Shields
 * Level 20.5 Unarmed Combat


You had 15 spell levels left.
You didn't know any spells.
Your spell library contained the following spells:

 Spells                   Type           Power      Damage    Failure   Level
 Apportation              Tloc           0%         N/A       50%         1
 Foxfire                  Conj/Fire      0%         2x1d4     50%         1
 Sandblast                Erth           0%         2d4       50%         1
 Summon Small Mammal      Summ           0%         N/A       50%         1
 Blink                    Tloc           0%         N/A       63%         2
 Cigotuvi's Dreadful Rot  Necr/Pois/Air  0%         N/A       63%         2
 Ensorcelled Hibernation  Hex/Ice        0%         N/A       63%         2
 Momentum Strike          Conj/Tloc      0%         3d8       63%         2
 Passwall                 Tmut/Erth      0%         N/A       63%         2
 Poisonous Vapours        Pois/Air       0%         N/A       63%         2
 Static Discharge         Conj/Air       0%         2-2/arc   63%         2
 Call Canine Familiar     Summ           0%         N/A       86%         3
 Dazzling Flash           Conj/Hex       0%         N/A       86%         3
 Kindle Blastsparks       Fire/Tloc/Air  0%         2d10      86%         3
 Lesser Beckoning         Tloc           0%         N/A       86%         3
 Mephitic Cloud           Conj/Pois/Air  0%         N/A       86%         3
 Stone Arrow              Conj/Erth      0%         3d7       86%         3
 Summon Guardian Golem    Hex/Summ       0%         N/A       86%         3
 Swiftness                Air            0%         N/A       86%         3
 Vhi's Electric Charge    Tloc/Air       0%         N/A       86%         3
 Animate Armour           Summ/Erth      0%         N/A       99%         4
 Fulminant Prism          Conj/Hex       0%         3d5       99%         4
 Iskenderun's Mystic Bla  Conj/Tloc      0%         2d3       99%         4
 Leda's Liquefaction      Hex/Erth       0%         N/A       99%         4
 Agony                    Necr           0%         N/A       100%        5
 Alistair's Intoxication  Tmut/Pois      0%         N/A       100%        5
 Arcjolt                  Conj/Air       0%         1d10      100%        5
 Blade Hands              Tmut           0%         N/A       100%        5
 Borgnjor's Vile Clutch   Necr/Erth      0%         N/A       100%        5
 Fireball                 Conj/Fire      0%         3d3       100%        5
 Irradiate                Conj/Tmut      0%         3d11      100%        5
 Lee's Rapid Deconstruct  Erth           0%         3d4*      100%        5
 Lightning Bolt           Conj/Air       0%         1d11      100%        5
 Silence                  Hex/Air        0%         N/A       100%        5
 Eringya's Noxious Bog    Tmut/Pois      0%         N/A       100%        6
 Iron Shot                Conj/Erth      0%         9d1       100%        6
 Starburst                Conj/Fire      0%         6d3       100%        6
 Statue Form              Tmut/Erth      0%         N/A       100%        6
 Dragon Form              Tmut           0%         N/A       100%        7


Dungeon Overview and Level Annotations

Branches:
Dungeon (15/15)            Temple (1/1) D:7            Lair (5/5) D:8
  Swamp (0/4) Lair:2       Spider (1/4) Lair:3        Slime (0/5) Lair:5
    Orc (2/2) D:11            Elf (0/3) Orc:2        Vaults (0/5) D:14
 Depths (0/4) D:15        Ossuary (visited)          Bailey (visited)
  IceCv (visited)         Gauntlet (visited)

Altars:
Ashenzari
Cheibriados
Dithmenos
Elyvilon
Fedhas
Gozag
Hepliaklqana
Kikubaaqudgha
Makhleb
Nemelex Xobeh
Okawaru
Qazlal
Ru
Sif Muna
Trog
Uskayaw
Vehumet
Wu Jian
Xom
Yredelemnul
Zin
The Shining One
Jiyva

Shops:
D:7 :   D:9 ([   Orc:2 (:[*

Portals:
Trove: D:12 (show abyssal rune of Zot)


Innate Abilities, Weirdness & Mutations

You are too large for most types of armour.
You have claws for hands.
Your natural rate of healing is unusually fast.
You are covered in fur. (AC +1)
You have tough skin. (AC +1)


Message History

The dire elephant trunk-slaps you but does no damage.
The deep elf archer shoots an arrow.
You block the arrow.
As you read the scroll of fear, it crumbles to dust.
You assume a fearsome visage.
The deep elf archer looks frightened!
The dire elephant resists with almost no effort. x2
The deep elf archer gestures wildly while chanting.
The deep elf archer blinks!
The dire elephant tramples you but does no damage.
The dire elephant barely misses you.
Unknown command.
Your muscles tense, ready for explosive movement...
You spin and attack the dire elephant, with incredible momentum.
You eviscerate the dire elephant!!!
The dire elephant is severely wounded.
You spin and attack the dire elephant repeatedly, with incredible momentum.
You scratch the dire elephant but do no damage.
You mangle the dire elephant!!
The dire elephant is moderately wounded.
You spin and attack the dire elephant repeatedly, with incredible momentum.
You scratch the dire elephant.
The dire elephant is severely wounded.
You scratch the dire elephant but do no damage.
The dire elephant is severely wounded.
You spin and attack the dire elephant repeatedly, with incredible momentum.
You claw the dire elephant!
The dire elephant is moderately wounded.
You mangle the dire elephant!!
The dire elephant is heavily wounded.
Your supernatural speed expires.
You spin and attack the dire elephant.
You mangle the dire elephant!!
The dire elephant is almost dead.
You spin and attack the dire elephant.
You scratch the dire elephant.
The dire elephant is severely wounded.
The deep elf archer gestures wildly while chanting.
The deep elf archer blinks!
The dire elephant tramples you!!
* * * LOW HITPOINT WARNING * * *
You hold your ground!
The dire elephant trunk-slaps you but does no damage.
The dire elephant tramples you!!
You die...

##.. ##~~.# ##.~~..#### # #
#..~~...§.## ### #...
#...~......###.# ....
..#....#)...##.##### ..#
......h##...##..#..### #...
...§... ##YY##..#.##.# ##.....
#.○@##...##.######## #.....
#...###..#^.#.##..#. #..... #).##
#..#^..^.#...# ###..#
#...####.....^##...# # ###
#..P##.#.###..####.# #
#.##########...##.#.#.####.#...
####...#..#..^..^...#...#.#..#...
..#....#..####.####^#...^##..#...
#.###......#.###.[.....###...#..#


You could see 2 dire elephants.

Vanquished Creatures
  Jorgrun (D:14)
  Roxanne (D:15)
  2 orc warlords
  A stone giant (D:15)
  Nessos (Lair:4)
  A minotaur (Gauntlet)
  An ettin (Orc:1)
  Azrael (D:15)
  A spark wasp (Spider:1)
  An entropy weaver (Spider:1)
  10 vault guards
  An ogre mage (Orc:1)
  4 boulder beetles
  5 centaur warriors
  2 catoblepae
  8 hydras
  6 death yaks (Lair:5)
  6 two-headed ogres
  A deep troll shaman (Lair:5)
  4 tengu warriors
  Nergalle (Lair:2)
  4 orc high priests
  A deep elf knight (Spider:1)
  A pharaoh ant (Spider:1)
  A steelbarb worm (Spider:1)
  An orb spider (Spider:1)
  Lodul (D:12)
  A harpy (shapeshifter) (D:15)
  A necromancer (IceCv)
  6 orc knights
  4 deep elf pyromancers
  11 orc sorcerers
  Pikel (D:7)
  3 wolf spiders (Spider:1)
  3 cyclopes
  A manticore (D:14)
  26 ugly things
  A shining eye (Gauntlet)
  19 elephants
  2 black mambas
  A gargoyle (D:11)
  An ice statue (IceCv)
  4 rime drakes
  3 cane toads (Lair:1)
  A torpor snail (Spider:1)
  2 unseen horrors (D:12)
  3 kobold demonologists
  3 demonic crawlers (Spider:1)
  3 anaconda simulacra (IceCv)
  7 freezing wraiths
  15 ice devils
  11 komodo dragons
  A tengu conjurer (D:14)
  A polar bear (shapeshifter) (D:13)
  8 trolls
  6 meliai
  10 tarantellas (Spider:1)
  7 hornets
  2 polar bears
  10 slime creatures
  12 blink frogs
  Prince Ribbit (Bailey)
  6 jumping spiders (Spider:1)
  3 culicivoras (Spider:1)
  8 spriggans (Lair:4)
  8 flying skulls (Gauntlet)
  35 yaks
  8 humans (Bailey)
  2 wraiths
  5 shadows
  6 wyverns
  3 fire elementals (D:15)
  A dire elephant simulacrum (IceCv)
  Grum (Lair:1)
  3 basilisks
  8 redbacks (Spider:1)
  2 steam dragons
  3 vampire mosquitoes (D:12)
  4 death yak simulacra (IceCv)
  Menkaure (D:6)
  3 wargs (Orc:1)
  A harpy simulacrum (IceCv)
  3 floating eyes
  3 acid dragons
  6 hell hounds
  9 water moccasins
  50 orc warriors
  A sky beast (D:6)
  3 black bears
  2 ice beasts
  4 centaurs
  11 ogres
  22 wolves
  2 kobold brigands
  An elf zombie (Ossuary)
  19 bullfrogs
  3 gnoll sergeants
  3 scorpions
  4 cane toad simulacra (IceCv)
  A two-headed ogre simulacrum (IceCv)
  6 wights (D:10)
  46 killer bees
  2 electric eels (D:9)
  3 howler monkeys (D:10)
  5 elephant simulacra (IceCv)
  3 centaur zombies (Ossuary)
  5 hounds
  6 jellies
  29 orc priests
  3 iguanas
  34 orc wizards
  A spriggan simulacrum (IceCv)
  3 polar bear simulacra (IceCv)
  2 troll simulacra (IceCv)
  4 wolf simulacra (IceCv)
  2 mummies (Ossuary)
  14 gnolls
  A naga simulacrum (IceCv)
  8 adders
  4 shadow imps
  6 white imps
  An ufetubus (D:7)
  An adder zombie (Ossuary)
  A worm (D:4)
  5 dart slugs
  88 orcs
  7 ball pythons
  6 endoplasms
  3 giant cockroaches
  9 goblins
  6 hobgoblins
  4 jackals
  4 quokkas
  3 bats
  3 frilled lizards
  10 hobgoblin zombies (Ossuary)
  2 jackal zombies (Ossuary)
  12 kobolds
  8 kobold zombies (Ossuary)
  9 orc zombies (Ossuary)
  4 rats
  2 rat zombies (Ossuary)
892 creatures vanquished.

Vanquished Creatures (others)
  A yak (D:10)
  A vampire mosquito (D:10)
  An orc wizard (Orc:2)
  14 demonic plants (Gauntlet)
  31 fungi
  43 plants
  2 withered plants (D:6)
93 creatures vanquished.

Grand Total: 985 creatures vanquished

Notes
Turn   | Place    | Note
-------+----------+-------------------------------------------
     0 | D:1      | cforsyth the Troll Fighter began the quest for the Orb.
     0 | D:1      | Reached XP level 1. HP: 22/22 MP: 0/0
   190 | D:1      | Reached XP level 2. HP: 29/29 MP: 1/1
   793 | D:1      | Reached XP level 3. HP: 36/36 MP: 2/2
  1641 | D:3      | Found a faded altar of an unknown god.
  1874 | D:3      | Reached skill level 3 in Unarmed Combat
  2237 | D:3      | Found a sparkling altar of Nemelex Xobeh.
  2321 | D:4      | Found a sand-covered staircase.
  2330 | Ossuary  | Entered an ossuary
  2370 | Ossuary  | Reached XP level 4. HP: 44/44 MP: 3/3
  2491 | Ossuary  | Reached skill level 4 in Unarmed Combat
  2491 | Ossuary  | Reached XP level 5. HP: 46/53 MP: 4/4
  2522 | Ossuary  | Reached XP level 6. HP: 60/61 MP: 5/5
  2763 | D:4      | Reached skill level 5 in Unarmed Combat
  3159 | D:5      | Entered Level 5 of the Dungeon
  3254 | D:5      | Reached XP level 7. HP: 65/68 MP: 6/6
  3569 | D:5      | Reached skill level 6 in Unarmed Combat
  3960 | D:6      | Noticed Menkaure
  4001 | D:6      | Reached skill level 5 in Shields
  4001 | D:6      | Reached XP level 8. HP: 71/79 MP: 7/7
  4042 | D:6      | Found an ancient bone altar of Kikubaaqudgha.
  4045 | D:6      | Found a blossoming altar of Fedhas.
  4098 | D:6      | Reached skill level 7 in Unarmed Combat
  4108 | D:6      | Found an iron altar of Okawaru.
  4139 | D:6      | Killed Menkaure
  4439 | D:7      | Found a staircase to the Ecumenical Temple.
  4444 | D:7      | Reached skill level 5 in Fighting
  4504 | Temple   | Entered the Ecumenical Temple
  4659 | D:7      | Found Yroyfiat's Tremendous Tomes.
  4766 | D:7      | Found a stormy altar of Qazlal.
  4780 | D:7      | Reached skill level 8 in Unarmed Combat
  4864 | D:7      | Noticed Pikel
  4881 | D:7      | Killed Pikel
  4882 | D:7      | Reached XP level 9. HP: 75/88 MP: 8/8
  4973 | D:7      | Found a hide-covered altar of Uskayaw.
  5332 | D:8      | Found a shadowy altar of Dithmenos.
  5427 | D:8      | Found a staircase to the Lair.
  5428 | D:8      | Noticed a komodo dragon
  5442 | D:8      | Killed a komodo dragon
  5443 | D:8      | Reached skill level 9 in Unarmed Combat
  5521 | D:8      | Found a radiant altar of Vehumet.
  5540 | D:8      | Found an ornate altar of the Wu Jian Council.
  5580 | D:8      | Became a worshipper of the Wu Jian Council
  6544 | D:8      | HP: 4/89 [killer bee (3)]
  6558 | D:8      | Reached skill level 10 in Unarmed Combat
  6725 | D:9      | Found a white marble altar of Elyvilon.
  6749 | D:9      | Reached * piety under Wu Jian
  6757 | D:9      | Noticed a two-headed ogre
  6779 | D:9      | HP: 1/92 [two-headed ogre/+0 giant club (12)]
  6782 | D:9      | Killed a two-headed ogre
  6783 | D:9      | Reached XP level 10. HP: 5/100 MP: 1/9
  6928 | D:9      | Found a burning altar of Makhleb.
  6934 | D:9      | Identified the +6 whip of Discomfort {holy, rC+}
  7005 | D:9      | Found Defiddaj's Antique Armour Emporium.
  7007 | D:9      | Found Obloet's Antique Weapon Emporium.
  7133 | D:9      | Reached skill level 11 in Unarmed Combat
  7242 | D:9      | Found a bloodstained altar of Trog.
  7316 | D:9      | Identified the +2 kite shield "Kejuw" {Will+ Int+2}
  7461 | D:10     | Entered Level 10 of the Dungeon
  7520 | D:10     | Found a flagged portal.
  7529 | D:10     | Reached ** piety under Wu Jian
  7534 | Bailey   | Entered a bailey
  7623 | Bailey   | Reached skill level 12 in Unarmed Combat
  7630 | Bailey   | Noticed a vault guard
  7648 | Bailey   | Killed a vault guard
  7649 | Bailey   | Reached XP level 11. HP: 62/109 MP: 4/10
  7689 | Bailey   | Noticed Prince Ribbit
  7689 | Bailey   | Noticed a vault guard
  7694 | Bailey   | Killed Prince Ribbit
  7720 | Bailey   | Killed a vault guard
  7993 | D:10     | Noticed a two-headed ogre
  7999 | D:10     | Killed a two-headed ogre
  8030 | D:10     | Found a shimmering altar of Xom.
  8036 | D:10     | Reached *** piety under Wu Jian
  8041 | D:10     | Reached skill level 13 in Unarmed Combat
  8261 | D:10     | Noticed a two-headed ogre
  8268 | D:10     | Killed a two-headed ogre
  8461 | D:10     | Found a shimmering blue altar of Sif Muna.
  8531 | D:10     | You are sucked into a shaft and drop 1 floor!
  8855 | D:11     | Reached XP level 12. HP: 122/122 MP: 11/11
  8876 | D:11     | Found a staircase to the Orcish Mines.
  8876 | D:11     | Noticed a boulder beetle
  8879 | D:11     | Reached **** piety under Wu Jian
  8883 | D:11     | Reached skill level 14 in Unarmed Combat
  8902 | D:11     | Killed a boulder beetle
  8978 | D:11     | Noticed a two-headed ogre
  8984 | D:11     | Killed a two-headed ogre
  9425 | D:11     | Identified the +1 plate armour "Zulerches" {rPois Str+3
                  | Dex+2}
  9629 | D:12     | Noticed a boulder beetle
  9630 | D:12     | Noticed a two-headed ogre
  9639 | D:12     | Killed a two-headed ogre
  9660 | D:12     | Reached skill level 10 in Shields
  9667 | D:12     | Killed a boulder beetle
  9814 | D:12     | Found a frozen archway.
  9832 | IceCv    | Entered an ice cave
 10013 | IceCv    | Reached skill level 15 in Unarmed Combat
 10422 | IceCv    | Found an ancient bone altar of Kikubaaqudgha.
 10464 | IceCv    | Reached ***** piety under Wu Jian
 10657 | IceCv    | Reached XP level 13. HP: 103/133 MP: 7/12
 11301 | D:12     | Reached skill level 10 in Fighting
 11373 | D:12     | Noticed Lodul
 11395 | D:12     | Killed Lodul
 11396 | D:12     | Reached skill level 16 in Unarmed Combat
 11886 | D:12     | Found a portal to a secret trove of treasure.
 12132 | Lair:1   | Entered Level 1 of the Lair of Beasts
 12188 | Lair:1   | Found a gate leading to a gauntlet.
 12197 | Gauntlet | Entered a Gauntlet
 12197 | Gauntlet | Found a transporter.
 12207 | Gauntlet | Found a transporter.
 12222 | Gauntlet | Found a transporter.
 12224 | Gauntlet | Noticed a reaper
 12227 | Gauntlet | Found a transporter.
 12244 | Gauntlet | Found a transporter.
 12263 | Gauntlet | Found a transporter.
 12311 | Gauntlet | Found a large runed translucent door.
 12312 | Gauntlet | Found a large runed translucent door.
 12313 | Gauntlet | Found a large runed translucent door.
 12313 | Gauntlet | Found a large runed translucent door.
 12313 | Gauntlet | Found the +4 robe of Folly {Brilliance Will-∞ Int+8}
 12314 | Gauntlet | Found a runed translucent gate.
 12315 | Gauntlet | Found a transporter.
 12315 | Gauntlet | Found a runed translucent gate.
 12316 | Gauntlet | Found a runed translucent gate.
 12317 | Gauntlet | Found a large runed translucent door.
 12317 | Gauntlet | Found a large runed translucent door.
 12318 | Gauntlet | Found a large runed translucent door.
 12319 | Gauntlet | Found a large runed translucent door.
 12327 | Gauntlet | Found a transporter.
 12339 | Gauntlet | Found a transporter.
 12341 | Gauntlet | Found the +3 pair of mountain boots {steadfast, rC+}
 12351 | Gauntlet | Found a transporter.
 12368 | Gauntlet | Found a transporter.
 12385 | Gauntlet | Found a transporter.
 12387 | Gauntlet | Found a transporter.
 12420 | Gauntlet | Found a transporter.
 12422 | Gauntlet | Found a transporter.
 12423 | Gauntlet | Found a transporter.
 12451 | Gauntlet | Found a transporter.
 12453 | Gauntlet | Found a transporter.
 12455 | Gauntlet | Found a large runed translucent door.
 12455 | Gauntlet | Found a large runed translucent door.
 12456 | Gauntlet | Found a large runed translucent door.
 12456 | Gauntlet | Found a large runed translucent door.
 12504 | Gauntlet | Found a large runed translucent door.
 12504 | Gauntlet | Found a large runed translucent door.
 12504 | Gauntlet | Found a runed translucent door.
 12504 | Gauntlet | Found a runed translucent door.
 12506 | Gauntlet | Found a large runed translucent door.
 12507 | Gauntlet | Found a large runed translucent door.
 12601 | Gauntlet | Identified the ring of Jilatwua {+Blink rF+ Will- Str+8}
 12644 | Gauntlet | Noticed a minotaur
 12651 | Gauntlet | Killed a minotaur
 12663 | Gauntlet | Identified the +4 halberd of Impermanence {antimagic, *Rage
                  | Fly rPois rCorr}
 12663 | Gauntlet | Identified the ring of Herches {rN+ Str+4}
 12747 | Lair:1   | Identified the +5 flail of Tesodol {vorpal, rElec MP+9
                  | Str-2 Stlth+}
 12768 | Lair:1   | Noticed Grum
 12774 | Lair:1   | Killed Grum
 12819 | Lair:1   | Identified the +4 sling "Jibror" {drain, Will++ Str-2 Dex+3
                  | Stlth-}
 13663 | Lair:2   | Found a staircase to the Swamp.
 13859 | Lair:2   | Found an ornate altar of the Wu Jian Council.
 13863 | Lair:2   | Noticed Nergalle
 13870 | Lair:2   | Killed Nergalle
 14409 | Lair:3   | Found a hole to the Spider Nest.
 14481 | Lair:3   | Reached ****** piety under Wu Jian
 14972 | Lair:3   | Reached skill level 17 in Unarmed Combat
 15484 | Lair:4   | Noticed Nessos
 15496 | Lair:3   | Reached XP level 14. HP: 72/144 MP: 13/13
 16588 | Lair:4   | Killed Nessos
 17052 | Lair:5   | Entered Level 5 of the Lair of Beasts
 17052 | Lair:5   | Found a staircase to the Slime Pits.
 17131 | Lair:5   | Reached skill level 5 in Dodging
 17221 | Lair:4   | Found the +10 zealot's sword {holy, *Rage rN+ EV+3}
 17365 | Lair:5   | Found a viscous altar of Jiyva.
 18700 | Lair:5   | Reached skill level 18 in Unarmed Combat
 19029 | Lair:5   | Got Gaomizon's Meditations on Charms
 19544 | Orc:1    | Entered Level 1 of the Orcish Mines
 19544 | Orc:1    | Noticed an orc warlord
 19552 | Orc:2    | Entered Level 2 of the Orcish Mines
 19994 | Orc:1    | Paralysed by a floating eye for 3 turns
 20012 | Orc:1    | Paralysed by a hornet for 2 turns
 20080 | Orc:1    | Killed an orc warlord
 20280 | Orc:1    | Reached XP level 15. HP: 127/154 MP: 14/14
 21288 | Orc:2    | Found a staircase to the Elven Halls.
 22789 | Orc:2    | Found Ludwow's Antique Armour Emporium.
 22790 | Orc:2    | Found Meufuh's Antique Weapon Shoppe.
 22792 | Orc:2    | Found Faugytac's General Store.
 22792 | Orc:2    | Found Lack's Book Emporium.
 23255 | D:13     | Reached skill level 19 in Unarmed Combat
 23574 | D:14     | Noticed Jorgrun
 23584 | D:14     | Killed Jorgrun
 24329 | D:14     | Found a sacrificial altar of Ru.
 24462 | D:14     | Found a gate to the Vaults.
 25249 | D:15     | Entered Level 15 of the Dungeon
 25260 | D:15     | Identified the +0 ring mail of the Shining Light {Int+3
                  | Stlth+}
 25448 | D:15     | Found a shadowy altar of Dithmenos.
 25506 | D:15     | Noticed Azrael
 25518 | D:15     | Killed Azrael
 25519 | D:15     | Reached XP level 16. HP: 87/167 MP: 15/15
 25839 | D:15     | Noticed Roxanne
 25988 | D:15     | Found a staircase to the Depths.
 26002 | D:15     | Reached skill level 20 in Unarmed Combat
 26690 | D:15     | Killed Roxanne
 26979 | Spider:1 | Entered Level 1 of the Spider Nest
 27106 | Spider:1 | HP: 8/167 [poisoned by a wolf spider]
 28647 | Spider:1 | Mangled by a dire elephant

Illustrated notes

Levels and vault maps discovered:
D:1:      sevenhm_arrival_forest_fort_small_3, layout_loops_corners
D:2:      layout_loops_ring
D:3:      layout_basic, nemelex_diamond_rough_becter,
          shapermc_ecumenical_altar_mp_ritualfount
D:4:      layout_loops_cross, nicolae_ossuary_entry_ruins, st_stairs_13
D:5:      layout_basic, kennysheep_boxes
D:6:      layout_basic, grunt_temple_overflow_growth_and_decay,
          okawaru_altar_gauntlet_db, uniq_menkaure
D:7:      layout_loops_cross, lemuel_doored_altar,
          nicolae_overflow_crystal_walls, minmay_temple_entry_proselytizer,
          serial_glass, glass_columns_a, glass_columns_a, due_unseen_surprise,
          minmay_strange_pillars, minmay_strange_pillars, item_on_display_a,
          nicolae_shop_i_like_big_books, uniq_pikel
D:8:      layout_basic, marbit_many_paths, mainiacjoe_overflow_large_starburst,
          david_lair_shrubbed, chequers_serial_rivers_large_b
D:9:      layout_gridville, kennysheep_mini, bloody_makhleb, trog_hazing_becter,
          nicolae_wooded_promenade
D:10:     layout_basic, xom_confusion_cloud, lemuel_coloured_pillars_altar,
          enter_bailey_4
D:11:     layout_cave_pods, orc_0_dummy, grunt_decor_arrowhead
D:12:     layout_cave_pools, nicolae_trove_entry_columns,
          portal_ice_cave_demonic_guard, kennysheep_small_spiral, uniq_lodul
D:13:     layout_cave_pools
D:14:     layout_stronghold, erik_vaults_2, nicolae_ru_sacrificial_ziggurat,
          uniq_jorgrun
D:15:     grunt_enter_depths_snipers, layout_stronghold,
          nicolae_dithmenos_shadow_blocks, uniq_azrael, uniq_roxanne
Temple:   nicolae_temple_two_arcs
Lair:1:   beast_lair_carwin_large_2, layout_cave_pods, gauntlet_entry_generic,
          serial_bayou_shore_a, uniq_grum
Lair:2:   layout_cave_shapes, swamp_mist, basic_altar, uniq_nergalle
Lair:3:   layout_loops_ring, dummy_spider_entry
Lair:4:   wad_woods_minihive, layout_small_grid, kennysheep_catoblepas_arena,
          infiniplex_staircase_pool_2, uniq_nessos
Lair:5:   grunt_lair_end_beastmaster, layout_layer_cave,
          minmay_slime_entry_pillars
Spider:1: layout_spider_delve, beargit_elvish_explorers
Orc:1:    hellmonk_paralyzer, layout_diamond_mine
Orc:2:    st_orc_congregation, layout_caves, statue_in_the_mist_lemuel,
          kennysheep_orc_chapel

Skill      XL: |  1  2  3  4  5  6  7  8  9 10 11 12 13 14 15 16 |
---------------+-------------------------------------------------+-----
Shields        | 3 4 5 6 7 8 9 10 11 12 13 | 13.1
Unarmed Combat | 3 4 5 6 8 10 12 13 15 17 18 19 20 | 20.5
Fighting       | 3 4 5 6 7 8 9 10 11 12 | 12.9
Dodging        | 4 6 7 8 |  8.7

Action                   |  1- 3 |  4- 6 |  7- 9 | 10-12 | 13-15 | 16-18 || total
-------------------------+-------+-------+-------+-------+-------+-------++-------
Melee: Unarmed           |   106 |   133 |   387 |   605 |  1536 |   341 ||  3108
Invok: Lunge             |       |       |    10 |    45 |   110 |    18 ||   183
       Whirlwind         |       |       |       |   110 |   376 |    91 ||   577
       Serpent's Lash    |       |       |       |     1 |     3 |     1 ||     5
Evoke: Wand              |       |       |     1 |     2 |     6 |     1 ||    10
  Use: Scroll            |     1 |     2 |     9 |     7 |    14 |     3 ||    36
       Potion            |       |       |     2 |     7 |     9 |     2 ||    20
 Stab: Sleeping          |     2 |       |     1 |       |       |       ||     3
Armor: Robe              |    30 |    38 |   151 |   175 |   291 |    71 ||   756
       Skin              |       |       |       |       |    30 |       ||    30
Dodge: Dodged            |    28 |    39 |   133 |   149 |   362 |   105 ||   816
Block: Kite shield       |    24 |    42 |   178 |   253 |   659 |   138 ||  1294

Table legend: (Time is in decaauts)
 A = Elapsed time spent in this place.
 B = Non-inter-level travel time spent in this place.
 C = Inter-level travel time spent in this place.
 D = Time resting spent in this place.
 E = Time spent auto-exploring this place.
 F = Levels seen in this place.
 G = Mean time per level.
                   A        B        C        D        E       F      G
               +--------+--------+--------+--------+--------+-----+--------+
         Total |  28368 |  26886 |   1482 |   5006 |  14987 |  28 | 1013.1 |
       Dungeon |  13929 |  12945 |    984 |    869 |   9436 |  15 |  928.6 |
        Temple |    134 |    127 |      7 |      0 |    124 |   1 |  134.0 |
          Lair |   6923 |   6537 |    386 |   1255 |   3585 |   5 | 1384.6 |
   Spider Nest |   1562 |   1562 |      0 |    655 |    606 |   1 | 1562.0 |
  Orcish Mines |   3349 |   3246 |    103 |   1566 |    646 |   2 | 1674.5 |
       Ossuary |    263 |    263 |      0 |      0 |     91 |   1 |  263.0 |
        Bailey |    285 |    285 |      0 |      0 |     82 |   1 |  285.0 |
      Ice Cave |   1458 |   1458 |      0 |    651 |    345 |   1 | 1458.0 |
      Gauntlet |    461 |    461 |      0 |      9 |     72 |   1 |  461.0 |
               +--------+--------+--------+--------+--------+-----+--------+

Top non-repeatable levels by time:
   Orc:1: 2077 daAuts
  Lair:4: 1899 daAuts
  Lair:5: 1821 daAuts
    D:14: 1627 daAuts
Spider:1: 1562 daAuts
    D:15: 1486 daAuts
   IceCv: 1458 daAuts
  Lair:3: 1404 daAuts
     D:8: 1290 daAuts
   Orc:2: 1271 daAuts
    D:11: 1109 daAuts
  Lair:1: 1077 daAuts
    D:12: 1002 daAuts
     D:1: 917 daAuts
    D:10: 860 daAuts
